 Dungeon Crawl Stone Soup version 0.29-a0-648-g6b26cc9f40 (webtiles) character file.

Game seed: 12046547395869585192

81 ytrimaz the Insei (level 4, -2/43 HPs)
             Began as an Octopode Transmuter on June 21, 2022.
             Splashed by a jelly's acid (5 damage)
             ... on level 3 of the Dungeon.
             The game lasted 00:05:25 (4075 turns).

ytrimaz the Insei (Octopode Transmuter)             Turns: 4075, Time: 00:05:25

Health: -2/43      AC: 10    Str:  9    XL:     4   Next: 40%
Magic:  4/7        EV:  2    Int: 17    God:
Gold:   135        SH:  0    Dex: 12    Spells: 1/7 levels left

rFire   . . .      SeeInvis .     - Unarmed
rCold   . . .      Faith    .   (no shield)
rNeg    . . .      Spirit   .   (helmet currently unavailable)
rPois   +          Reflect  .   (no amulet)
rElec   .          Harm     .   m - ring of wizardry
rCorr   .          Rampage  .   (no ring)
Will    .....      NoTele   +   (no ring)
Stlth   +.........              (no ring)
HPRegen 0.14/turn               (no ring)
MPRegen 0.10/turn               (no ring)
                                (no ring)
                                (no ring)

@: tree-form, corroded, hasted, very quick
A: stationary, stasis, torment immunity, boosted hp, almost no armour,
(amphibious), 8 rings, (camouflage 1), (gelatinous body 1), (nimble swimmer 1),
(tentacles)
a: no special abilities


You were on level 3 of the Dungeon.
You were a tree.
You visited 1 branch of the dungeon, and saw 4 of its levels.

You collected 282 gold pieces.
You spent 147 gold pieces at shops.

Inventory:

Armour
 k - a +2 hat (melded)
Jewellery
 m - a ring of wizardry (left branch)
Scrolls
 c - 3 scrolls of poison
 f - a scroll of enchant armour
 g - a scroll of magic mapping
 j - a scroll of amnesia
Potions
 d - 2 potions of brilliance
 e - a potion of magic
 h - 2 potions of attraction
 i - a potion of invisibility
 l - 2 potions of degeneration
 n - a potion of haste


   Skills:
 - Level 2.1 Fighting
 - Level 2.0 Dodging
 + Level 4.6 Unarmed Combat
 - Level 2.0 Spellcasting
 - Level 2.0 Transmutations


You had one spell level left.
You knew the following spells:

 Your Spells              Type           Power      Damage    Failure   Level
a - Beastly Appendage     Tmut           16%        N/A       3%          1
b - Wereblood             Tmut           8%         N/A       5%          2
c - Spider Form           Tmut/Pois      5%         N/A       16%         3

Your spell library contained the following spells:

 Spells                   Type           Power      Damage    Failure   Level
 Ice Form                 Ice/Tmut       5%         N/A       43%         4
 Conjure Ball Lightning   Conj/Air       0%         3x3d6     100%        6
 Discord                  Hex            0%         N/A       100%        8
 Disjunction              Tloc           0%         N/A       100%        8


Dungeon Overview and Level Annotations

Branches:
Dungeon (4/15)
 Temple: D:4-7

Altars:

Shops:
D:2 [[(([

Annotations:
D:3 Ijyb


Innate Abilities, Weirdness & Mutations

You are a tree.
Your roots penetrate the ground, keeping you stationary.
You cannot be teleported.
You are immune to unholy pain and torment.
Your maximum health is greatly increased.
You cannot wear most types of armour.
((You are amphibious.))
You can wear up to eight rings at the same time.
((Your skin changes colour to match your surroundings (Stealth+).))
((Your rubbery body absorbs attacks. (AC +1, EV +1)))
((You are camouflaged when in or above water. (Stealth+)))
((You have tentacles for arms and can constrict up to eight enemies at once.))


Message History

Confirm with . or Enter, or press ? or * to list all spells.
The spell is quite dangerous to miscast (16% risk of failure)!
Continue anyway?
You turn into a venomous arachnid creature.
Your +2 hat melds into your body.
The jelly misses you.
Unknown command.
You hit the jelly. The acid corrodes you!
Your front legs burn!
The jelly is lightly wounded.
The jelly closely misses you.
You completely miss the jelly.
The jelly is lightly wounded.
The jelly hits you. The acid corrodes you!
You are splashed with acid!
* * * LOW HITPOINT WARNING * * *
Unknown command.
You feel better. The jelly hits you. The acid corrodes you!
You are splashed with acid!
* * * LOW HITPOINT WARNING * * *
Really quaff the potion of lignification?
Your transformation has ended.
Your +2 hat unmelds from your body.
You turn into a tree.
Your +2 hat melds into your body.
Your roots penetrate the ground.
The jelly hits you but does no damage.
Unknown command.
You feel better. The jelly hits you but does no damage.
Okay, then.
Unknown command.
It was a potion of haste.
You feel yourself speed up. The jelly hits you but does no damage.
You hit the jelly but do no damage.
Your branches burn!
* * * LOW HITPOINT WARNING * * *
The jelly is lightly wounded.
The jelly hits you but does no damage.
You hit the jelly but do no damage. The acid corrodes you!
Your branches burn!
* * * LOW HITPOINT WARNING * * *
The jelly is lightly wounded.
You hit the jelly but do no damage. The acid corrodes you!
Your branches burn!
* * * LOW HITPOINT WARNING * * *
The jelly is lightly wounded.
The jelly hits you but does no damage.
You hit the jelly.
Your branches burn!
You die...

.....# #.##.# #.# # ##.#####.##.#
#.# # #...###...#.# #.# #
..#..#.###..## #.# # #......#
#...# #.# # ##.##..###...# #.# #
##.##.#...#..# #.####
........###..###############.....
##...........>.J♣............####
###.#.#.####..##############.##..
.##.#.#.# #..## #########.##.#
.##...#.####...## #........#....
.##..##.).......## #.###...###..#
.##..##..###.....###.# #.##.#.#..
.##..##..............# #.###.##.#
.##..##>.)####.####### #.# ####..
........#.# #.# #.# #.#


You could see a jelly.

Vanquished Creatures
  An adder (D:3)
  A worm (D:2)
  2 dart slugs
  3 orcs (D:3)
  7 ball pythons
  2 endoplasms
  2 giant cockroaches
  13 goblins
  3 hobgoblins
  4 jackals (D:3)
  5 kobolds
  3 quokkas
  A bat (D:3)
  6 frilled lizards
  3 rats
56 creatures vanquished.

Notes
Turn   | Place    | Note
-------+----------+-------------------------------------------
     0 | D:1      | ytrimaz the Octopode Transmuter began the quest for the
                  | Orb.
     0 | D:1      | Reached XP level 1. HP: 13/13 MP: 3/3
    96 | D:1      | Reached XP level 2. HP: 18/18 MP: 3/5
   271 | D:1      | Found a faded altar of an unknown god.
   973 | D:2      | Learned a level 2 spell: Wereblood
  1246 | D:2      | Found Uwoklimn's Antique Armour Shoppe.
  1251 | D:2      | Identified the +11 war axe "Tiusk" {venom, Str+4 Int+2}
  1368 | D:2      | Reached XP level 3. HP: 24/24 MP: 4/6
  1474 | D:2      | Found Dexanaeq's Weapon Shop.
  1806 | D:2      | Learned a level 3 spell: Spider Form
  1954 | D:2      | Found Cyem's Armour Shoppe.
  1990 | D:2      | Found Ystobae's Antique Weapon Boutique.
  1999 | D:2      | Reached skill level 4 in Unarmed Combat
  1999 | D:2      | Found Buqeg's Antique Armour Shop.
  2014 | D:2      | Bought an embroidered hat for 147 gold pieces
  2785 | D:3      | Reached XP level 4. HP: 29/29 MP: 5/7
  3735 | D:3      | Noticed Ijyb
  4075 | D:3      | Splashed by a jelly's acid

Illustrated notes

Levels and vault maps discovered:
D:1:      heliophobic_arrival_enchanted_forest, layout_loops_cross,
          shapermc_ecumenical_altar_petra
D:2:      layout_loops_ring, serial_shops, shop, shop, nicolae_shop_trees,
          shop_statue, shop, minmay_tetromino_o4
D:3:      kennysheep_goblin_castle, layout_loops_ring
D:4:      layout_cave_pools, yredelemnul_forgotten_temple_becter, serial_glass,
          glass_columns_b, glass_columns_a, item_on_display_a,
          item_on_display_a, feat_on_display, uniq_sigmund, uniq_pikel

Skill      XL: |  1  2  3 |
---------------+----------+-----
Unarmed Combat | 4 |  4.6
Fighting       | 2 |  2.1
Dodging        | |  2.0
Spellcasting   | |  2.0
Transmutations | |  2.0

Action                   |  1- 3 |  4- 6 || total
-------------------------+-------+-------++-------
Melee: Unarmed           |    84 |    40 ||   124
       Constrict         |    20 |    10 ||    30
       Kick              |    16 |     8 ||    24
       Tentacles         |     9 |     2 ||    11
       Punch             |     1 |     1 ||     2
 Cast: Beastly Appendage |    23 |     5 ||    28
       Spider Form       |     1 |     3 ||     4
       Wereblood         |       |     1 ||     1
  Use: Scroll            |    12 |     3 ||    15
       Potion            |       |     4 ||     4
 Stab: Sleeping          |     7 |       ||     7
Armor: Skin              |     2 |    18 ||    20
Dodge: Dodged            |    50 |    33 ||    83

Table legend: (Time is in decaauts)
 A = Elapsed time spent in this place.
 B = Non-inter-level travel time spent in this place.
 C = Inter-level travel time spent in this place.
 D = Time resting spent in this place.
 E = Time spent auto-exploring this place.
 F = Levels seen in this place.
 G = Mean time per level.
                   A        B        C        D        E       F      G
               +--------+--------+--------+--------+--------+-----+--------+
         Total |   4066 |   3988 |     78 |   1041 |   2386 |   4 | 1016.5 |
       Dungeon |   4066 |   3988 |     78 |   1041 |   2386 |   4 | 1016.5 |
               +--------+--------+--------+--------+--------+-----+--------+

Top non-repeatable levels by time:
     D:3: 2005 daAuts
     D:1: 1189 daAuts
     D:2: 867 daAuts
     D:4: 4 daAuts
